 Dungeon Crawl Stone Soup version 0.20.1-1-g8b1a95d (console) character file.

182 hilaritas the Shield-Bearer (level 5, -5/41 HPs)
             Began as a Formicid Fighter on Aug 12, 2017.
             Slain by hilaritas's ghost (10 damage)
             ... on level 3 of the Dungeon.
             The game lasted 00:04:36 (1986 turns).

hilaritas the Shield-Bearer (Formicid Fighter)      Turns: 1986, Time: 00:04:37

Health: -5/41      AC:  9    Str: 22    XL:     5   Next: 93%
Magic:  5/5        EV: 11    Int:  7    God:
Gold:   151        SH: 10    Dex: 15    Spells: 4/4 levels left

rFire    . . .     SeeInvis +   a - +0 war axe
rCold    . . .     Gourm    .   c - +0 shield
rNeg     . . .     Faith    .   j - +0 chain mail
rPois    .         Spirit   .   (helmet unavailable)
rElec    .         Reflect  .   (no cloak)
rCorr    .         Harm     .   (no gloves)
MR       .....                  (no boots)
Stlth    ..........             (no amulet)
Regen    0.2/turn               (no ring)
MPRegen  0.1/turn               (no ring)

@: agile, drained
A: permanent stasis, dig shafts and tunnels, four strong arms, antennae 3
a: Dig, Shaft Self


You were on level 3 of the Dungeon.
You were not hungry.

You visited 1 branch of the dungeon, and saw 3 of its levels.

You collected 151 gold pieces.

Inventory:

Hand Weapons
 a - a +0 war axe (weapon)
 e - a +0 club
 h - a +0 hand axe
 s - a +1 mace of draining
Missiles
 n - a throwing net (quivered)
Armour
 c - a +0 shield (worn)
 j - a +0 chain mail (worn)
Jewellery
 t - an uncursed ring of stealth {unknown}
Scrolls
 b - 2 scrolls of enchant armour {unknown}
 i - 6 scrolls of identify {unknown}
 k - 3 scrolls of fog {unknown}
 m - 4 scrolls of immolation {unknown}
 o - 2 scrolls of teleportation {unknown}
Potions
 q - a potion of ambrosia {unknown}
 r - a potion of resistance {unknown}
Comestibles
 d - 2 chunks of flesh
 f - 3 bread rations
 l - a meat ration


   Skills:
 - Level 3.2(3.0) Fighting
 * Level 4.8(4.6) Axes
 - Level 3.2(3.0) Armour
 + Level 5.0(4.7) Shields


You had 4 spell levels left.
You didn't know any spells.

Dungeon Overview and Level Annotations

Branches:
Dungeon (3/15)

Altars:

Annotations:
D:3 hilaritas's ghost, amateur FoFi


Innate Abilities, Weirdness & Mutations

You cannot be hasted, slowed, berserked, paralysed or teleported.
You can dig through walls and to a lower floor.
Your four strong arms can wield two-handed weapons with a shield.
You have a pair of large antennae on your head. (SInv)


Message History

Hilaritas's ghost is lightly damaged.
Hilaritas's ghost hits you but does no damage.
Okay, then.
Unknown command.
It was a potion of agility.
You feel agile all of a sudden. Hilaritas's ghost hits you.
* * * LOW HITPOINT WARNING * * *
It was a potion of haste.
Your stasis prevents you from being hasted.
Hilaritas's ghost hits you!
* * * LOW HITPOINT WARNING * * *
You hit hilaritas's ghost.
Hilaritas's ghost is moderately damaged.
Hilaritas's ghost ripples.
You block hilaritas's ghost's attack.
Your chain mail prevents you from hitting hilaritas's ghost.
Hilaritas's ghost is lightly damaged.
You block hilaritas's ghost's attack. Hilaritas's ghost hits you!
You die...

#######%....##.#
................
#######..)...###
#####......)))..%...
#...................
#.###.....#......###
#>..........$....#
#.##W.....#.#....#
#@.######.#.##.# #
#..######.#.# .#
#.#.........#.# ..
#.............
#.####.########.
.................
##.#####.######## .
#............... #.
#.)...#.#######. #.


You could see hilaritas's ghost.

Vanquished Creatures
  An orc priest (D:3)
  4 adders
  3 gnolls (D:3)
  2 oozes (D:1)
  A worm (D:3)
  4 dart slugs
  2 leopard geckos
  4 orcs (D:3)
  2 ball pythons
  3 giant cockroaches
  3 goblins
  10 hobgoblins
  4 jackals (D:1)
  5 kobolds
  2 quokkas (D:2)
  5 bats
  3 frilled lizards
  7 rats
65 creatures vanquished.

Notes
Turn   | Place    | Note
-------+----------+-------------------------------------------
     0 | D:1      | hilaritas the Formicid Fighter began the quest for the Orb.
     0 | D:1      | Reached XP level 1. HP: 18/18 MP: 1/1
   202 | D:1      | Reached XP level 2. HP: 24/24 MP: 2/2
   219 | D:1      | Reached skill level 4 in Shields
   266 | D:1      | Reached XP level 3. HP: 22/29 MP: 3/3
   933 | D:2      | Reached XP level 4. HP: 32/35 MP: 4/4
  1625 | D:3      | Reached XP level 5. HP: 35/41 MP: 5/5
  1911 | D:3      | Reached skill level 5 in Shields
  1982 | D:3      | Noticed hilaritas's ghost (amateur FoFi)
  1986 | D:3      | Slain by hilaritas's ghost

Skill      XL: |  1  2  3  4  5 |
---------------+----------------+-----
Shields        | 4 5 |  5.0
Axes           | 3 4 |  4.8
Fighting       | |  3.2
Armour         | |  3.2

Action                   |  1- 3 |  4- 6 || total
-------------------------+-------+-------++-------
Melee: War axe           |   105 |   113 ||   218
  Use: Potion            |       |     3 ||     3
 Stab: Distracted        |       |     1 ||     1
  Eat: Chunk             |       |     4 ||     4
Armor: Scale mail        |    15 |       ||    15
       Chain mail        |    36 |    59 ||    95
Dodge: Dodged            |    31 |    19 ||    50
Block: Shield            |    67 |    75 ||   142
